 Dungeon Crawl Stone Soup version 0.30.1-9-gdf580d7c3d (webtiles) character file.

Game seed: 14341612005687335418

135602 boopmooplesden the Severer (level 16, -8/152 HPs)
             Began as a Minotaur Fighter on Sept 26, 2023.
             Was the Champion of Okawaru.
             Killed from afar by a deep elf zephyrmancer (37 damage)
             ... with a bolt of lightning
             ... on level 1 of the Elven Halls.
             The game lasted 00:40:40 (22527 turns).

boopmooplesden the Severer (Minotaur Fighter)      Turns: 22527, Time: 00:40:40

Health: -8/152     AC: 49    Str: 37    XL:     16   Next: 64%
Magic:  16/16      EV:  9    Int:  5    God:    Okawaru [******]
Gold:   1811       SH: 14    Dex: 12    Spells: 15/15 levels left

rFire   . . .        P - +2 broad axe (spect)
rCold   . . .        O - +0 kite shield {reflect}
rNeg    + . .        A - +12 crystal plate armour of Lesser Demons {+Inv SInv}
rPois   .            M - +1 hat
rElec   .            y - +0 cloak
rCorr   +            q - +2 pair of gloves {Dex+3}
SInv    +            B - +5 pair of boots of the Earth {Str+5}
Will    +++..        Z - amulet "Quzau" {RegenMP rN+} Stlth
                     N - ring of Manoalaw {Will++ rCorr}
HPRegen 0.45/turn    I - +6 ring of strength
MPRegen 0.55/turn

%: reflection
@: no status effects
A: horns 2, retaliatory headbutt, claws 1, clumsy 1, weak 1
a: Renounce Religion, Evoke Invisibility, Heroism, Finesse, Duel


You were on level 1 of the Elven Halls.
You worshipped Okawaru.
Okawaru was exalted by your worship.
You visited 4 branches of the dungeon, and saw 23 of its levels.
You also visited: Bailey, Gauntlet and Volcano.

You collected 2303 gold pieces.
You spent 492 gold pieces at shops.

Inventory:

Hand Weapons
 a - a +1 war axe of draining
 h - a +1 eveningstar of pain
 n - a +1 whip of electrocution
 u - a +1 morningstar of draining
 v - a +4 war axe of distortion
 P - a +2 spectral broad axe (weapon)
 U - a +0 broad axe of flaming
Missiles
 g - 2 throwing nets (quivered)
Armour
 q - a +2 pair of gloves of dexterity (worn)
 r - a scarf of harm
 y - a +0 cloak (worn)
 A - the +12 crystal plate armour of Lesser Demons (worn) {+Inv SInv}
   (You found it in a bailey)

   SInv:      It lets you see invisible.
   +Inv:      It lets you turn invisible.
 B - the +5 pair of boots of the Earth (worn) {Str+5}
   (You found it in a bailey)

   Str:       It affects your strength (+5).
 C - the +0 robe of Levity {rF++ Will+++ Int-5}
   (You found it in a bailey)

   Int:       It affects your intelligence (-5).
   rF:        It greatly protects you from fire.
   Will:      It greatly increases your willpower.
 M - a +1 hat (worn)
 O - a +0 kite shield of reflection (worn)
 V - the +4 skin of Zhor {*Englaciate rC+++ SInv}
   (You found it on level 13 of the Dungeon)

   *Englaciate: It radiates cold, occasionally slowing all nearby creatures who
   are not resistant to cold.
   rC:        It renders you almost immune to cold.
   SInv:      It lets you see invisible.
 W - the +7 plate armour of Boredom {Drain Str+2 Int+8}
   (You found it in a Gauntlet)

   Str:       It affects your strength (+2).
   Int:       It affects your intelligence (+8).
   Drain:     It drains your maximum health when unequipped.
Magical Staves
 p - the staff of death "Dyczavia" {+Blink Fly rN+ Dex+9 Stlth-}
   (You found it on level 11 of the Dungeon)

   [staff of death]

   Base accuracy: +5 Base damage: 5 Base attack delay: 1.2 This weapon's minimum
   attack delay (0.6) is reached at skill level 12.
   Dex:       It affects your dexterity (+9).
   rN:        It protects you from negative energy.
   Fly:       It grants you flight.
   +Blink:    It lets you blink.
   Stlth:     It makes you less stealthy.
   It falls into the 'Staves' category.
   It is a one-handed weapon.
Jewellery
 b - a ring of positive energy
 e - a ring of positive energy
 s - an amulet of the acrobat
 I - a +6 ring of strength (right hand)
 N - the ring of Manoalaw (left hand) {Will++ rCorr}
   (You bought it in a shop on level 10 of the Dungeon)

   [ring of resist corrosion]

   rCorr:     It protects you from acid and corrosion.
   Will:      It greatly increases your willpower.
 Q - a ring of see invisible
 Z - the amulet "Quzau" (around neck) {RegenMP rN+}
   (You found it in a Gauntlet)

   [amulet of magic regeneration]

   It increases your rate of magic regeneration.
   rN:        It protects you from negative energy.
Wands
 f - a wand of acid (22)
 t - a wand of paralysis (19)
 z - a wand of digging (5)
 E - a wand of mindburst (24)
 G - a wand of flame (17)
 H - a wand of iceblast (13)
 K - a wand of polymorph (7)
Scrolls
 d - 2 scrolls of fog
 k - 2 scrolls of magic mapping
 w - 4 scrolls of fear
 x - 8 scrolls of teleportation
 F - 2 scrolls of silence
 L - 2 scrolls of blinking
 R - 2 scrolls of brand weapon
Potions
 c - 2 potions of haste
 i - 2 potions of heal wounds
 j - a potion of brilliance
 l - 5 potions of cancellation
 m - 2 potions of resistance
 o - 7 potions of flight
 D - 4 potions of ambrosia
 J - 3 potions of might
 S - 2 potions of invisibility
 T - 6 potions of curing


   Skills:
 + Level 16.6 Fighting
 + Level 20.7 Axes
 + Level 16.2 Armour
 + Level 4.6 Dodging
 + Level 4.4 Stealth
 + Level 17.7 Shields
 + Level 2.4 Invocations


You had 15 spell levels left.
You didn't know any spells.
Your spell library contained the following spells:

 Spells                   Type           Power      Damage    Failure   Level
 Freeze                   Ice            0%         1d3       99%         1
 Magic Dart               Conj           0%         1d3       99%         1
 Necrotise                Necr           0%         1d4       99%         1
 Blink                    Tloc           0%         N/A       100%        2
 Searing Ray              Conj           0%         2d4       100%        2
 Sublimation of Blood     Necr           0%         N/A       100%        2
 Dazzling Flash           Conj/Hex       0%         N/A       100%        3
 Frozen Ramparts          Ice            0%         1d1       100%        3
 Hailstorm                Conj/Ice       0%         3d3       100%        3
 Inner Flame              Hex/Fire       0%         N/A       100%        3
 Mephitic Cloud           Conj/Pois/Air  0%         N/A       100%        3
 Ozocubu's Armour         Ice            0%         N/A       100%        3
 Vampiric Draining        Necr           0%         2d6       100%        3
 Cause Fear               Hex            0%         N/A       100%        4
 Fulminant Prism          Conj/Hex       0%         3d5       100%        4
 Manifold Assault         Tloc           0%         N/A       100%        4
 Petrify                  Tmut/Erth      0%         N/A       100%        4
 Agony                    Necr           0%         N/A       100%        5
 Fireball                 Conj/Fire      0%         3d3       100%        5
 Irradiate                Conj/Tmut      0%         3d11      100%        5
 Iskenderun's Battlesphe  Conj           0%         2d6       100%        5
 Silence                  Hex/Air        0%         N/A       100%        5
 Yara's Violent Unravell  Hex/Tmut       0%         3d3       100%        5
 Conjure Ball Lightning   Conj/Air       0%         3x3d6     100%        6
 Dragon Form              Tmut           0%         N/A       100%        7
 Enfeeble                 Hex            0%         N/A       100%        7
 Orb of Destruction       Conj           0%         9d5       100%        7
 Ozocubu's Refrigeration  Ice            0%         4d7       100%        7
 Storm Form               Tmut/Air       0%         N/A       100%        7
 Polar Vortex             Ice            0%         N/A       100%        9
 Call Imp                 Summ           Unusable   N/A       N/A         2
 Simulacrum               Ice/Necr       Unusable   N/A       N/A         6
 Dragon's Call            Summ           Unusable   N/A       N/A         9

Dungeon Overview and Level Annotations

Branches:
Dungeon (15/15)              Lair (5/5) D:10          Swamp (0/4) Lair:2
  Snake (0/4) Lair:2        Slime (0/5) Lair:4          Orc (2/2) D:10
    Elf (1/3) Orc:2        Vaults (0/5) D:14         Depths (0/4) D:15
 Bailey (visited)         Volcano (visited)         Gauntlet (visited)
 Temple: D:4-7

Altars:
Cheibriados
Dithmenos
Elyvilon
Gozag
Makhleb
Okawaru
Qazlal
Wu Jian
Yredelemnul
The Shining One

Shops:
D:3 *   D:6 =   D:8 [   D:10 !(*=   D:11 [   D:12 *   Orc:2 [[:[

Annotations:
Lair:1 2 transporters, monsoonserge's ghost, novice DsMo


Innate Abilities, Weirdness & Mutations

You have a pair of horns on your head.
You reflexively headbutt those who attack you in melee.
You have sharp fingernails.
You are clumsy. (Dex -2)
You are weak. (Str -2)


Message History

You destroy the fire elemental!
The fire elemental disappears in a puff of smoke!
You feel like a meek peon again.
The deep elf pyromancer gestures wildly while chanting.
You slash the fire elemental!
The fire elemental is moderately damaged.
You block the fire elemental's attack.
The deep elf pyromancer casts a spell.
The deep elf pyromancer blinks!
You slice the fire elemental!!
You destroy the fire elemental!
The fire elemental disappears in a puff of smoke!
You closely miss the fire elemental. You headbutt the fire elemental!
The fire elemental is moderately damaged.
You block the fire elemental's attack.
You hit the fire elemental. You headbutt the fire elemental.
The fire elemental is severely damaged.
The fire elemental hits you. The fire elemental burns you!
The deep elf zephyrmancer gestures at you while chanting.
The bolt of lightning hits the fire elemental!
The fire elemental resists.
The bolt of lightning hits you!
* * * LOW HITPOINT WARNING * * *
The deep elf pyromancer casts a spell.
The deep elf pyromancer blinks!
You hit the fire elemental but do no damage.
Your headbutt misses the fire elemental.
The fire elemental is almost destroyed.
The fire elemental hits you.
You barely miss the fire elemental.
The fire elemental is almost destroyed.
The fire elemental hits you. The fire elemental burns you!
* * * LOW HITPOINT WARNING * * *
You slash the fire elemental!
You destroy the fire elemental!
The fire elemental disappears in a puff of smoke!
You barely miss the fire elemental. The fire elemental hits you.
The deep elf zephyrmancer casts a spell at you.
The bolt of lightning misses the fire elemental.
The bolt of lightning hits you!!!
You die...

.. #...........### ...
#.#########.... .... #.#
##### ..#e########.#######
.......>...........#
..#.###.####.#####.#
.......☼# #.#
e○...#°E####.#
e.....°eE@...#####.
.....#eE#####.........$..#
.##.##.○°..........#.#.#.#
...............####.....#
..##.#............##.e...#
. #.#.##>.........#..⌠..#
#.#. #..........#.....#
#.#. #...).....##.....#
.... #....)########'###


You could see 2 deep elf pyromancers, a deep elf zephyrmancer and 3 fire
elementals.

Vanquished Creatures
  Saint Roka (Orc:2)
  Jorgrun (D:14)
  Gastronok (Lair:1)
  Agnes (Elf:1)
  Louise (D:14)
  A quicksilver ooze (Gauntlet)
  Nessos (D:15)
  The ghost of Esekla the Eclecticist, a journeyman DENe of Vehumet (Orc:2)
  A minotaur (Gauntlet)
  Snorg (Lair:4)
  Harold (D:9)
  2 vault guards (D:14)
  6 hydras
  4 catoblepae
  5 centaur warriors
  7 dancing weapons (Elf:1)
  5 two-headed ogres
  4 boulder beetles
  A tengu warrior (D:11)
  6 death yaks (Lair:5)
  3 orc high priests (Orc:2)
  5 deep elf knights (Elf:1)
  A hell knight (Volcano)
  16 skeletal warriors
  A salamander mystic (Volcano)
  A glowing orange brain (D:15)
  4 wizards
  3 deep elf archers (Elf:1)
  A lindwurm (Lair:5)
  Pikel (D:4)
  4 deep elf zephyrmancers (Elf:1)
  11 deep elf pyromancers
  6 orc knights (Orc:2)
  16 ugly things
  7 orc sorcerers (Orc:2)
  A wolf spider (shapeshifter) (D:15)
  2 cyclopes
  A moth of wrath (Gauntlet)
  7 manticores
  5 salamanders (Volcano)
  9 centaur zombies (D:10)
  3 black mambas
  6 elephants (Lair:4)
  Maggie (D:9)
  12 cane toads
  A torpor snail (Lair:5)
  3 gargoyles
  A komodo dragon (shapeshifter) (D:13)
  3 rime drakes
  5 komodo dragons
  2 kobold demonologists (D:12)
  A tengu conjurer (D:15)
  5 yaktaurs (D:15)
  5 polar bears
  3 meliai (D:12)
  5 trolls
  A hornet (D:11)
  Prince Ribbit (D:9)
  15 blink frogs
  A meliai zombie (D:10)
  3 air elementals
  18 slime creatures
  A shadow (D:12)
  Sigmund (D:4)
  2 centaur simulacra (Gauntlet)
  A spriggan (Lair:1)
  7 wyverns
  52 yaks
  A vampire (D:12)
  3 water elementals
  3 fire bats (Orc:1)
  20 humans (D:14)
  2 fire elementals
  2 basilisks
  3 vampire mosquitoes (D:15)
  2 redbacks (Gauntlet)
  4 swamp worms (Lair:2)
  5 wargs (Orc:2)
  21 water moccasins
  4 black bears
  An ice beast (D:7)
  35 orc warriors
  A sky beast (D:7)
  18 wolves
  4 ogres
  10 centaurs
  4 lemures (D:4)
  2 phantoms (D:5)
  14 kobold brigands
  3 gnoll sergeants
  13 bullfrogs
  An earth elemental (D:10)
  A scorpion (D:5)
  A hornet simulacrum (Gauntlet)
  A killer bee (D:11)
  7 howler monkeys
  3 electric eels
  6 jellies
  5 hounds
  19 orc priests
  2 iguanas (D:5)
  A gnoll bouda (D:8)
  18 orc wizards
  A hell rat (Lair:4)
  Robin (D:3)
  30 gnolls
  7 adders
  A white imp (D:6)
  3 ufetubi
  3 worms
  79 orcs
  5 bats
  6 endoplasms
  3 giant cockroaches
  19 goblins
  8 hobgoblins
  3 jackals (D:2)
  41 kobolds
  2 quokkas
  2 ball pythons (D:1)
  5 frilled lizards
  6 rats
780 creatures vanquished.

Vanquished Creatures (others)
  A deep elf zephyrmancer (Elf:1)
  21 spectral weapons
22 creatures vanquished.

Grand Total: 802 creatures vanquished

Notes
Turn   | Place    | Note
-------+----------+-------------------------------------------
     0 | D:1      | boopmooplesden the Minotaur Fighter began the quest for the
                  | Orb.
     0 | D:1      | Reached XP level 1. HP: 19/19 MP: 0/0
    45 | D:1      | Reached XP level 2. HP: 27/27 MP: 1/1
   615 | D:2      | Reached skill level 3 in Axes
   624 | D:2      | Reached XP level 3. HP: 33/33 MP: 2/2
  1030 | D:2      | Reached XP level 4. HP: 40/40 MP: 3/3
  1520 | D:3      | Found Suneg's General Store.
  2042 | D:3      | Noticed Robin
  2045 | D:3      | Reached skill level 1 in Dodging
  2061 | D:3      | Reached skill level 4 in Axes
  2065 | D:3      | Killed Robin
  2396 | D:4      | Noticed Pikel
  2396 | D:4      | Noticed a lemure
  2396 | D:4      | Noticed a lemure
  2396 | D:4      | Noticed a lemure
  2403 | D:4      | Noticed a lemure
  2407 | D:4      | Killed a lemure
  2408 | D:4      | Killed a lemure
  2409 | D:4      | Killed a lemure
  2411 | D:4      | Killed a lemure
  2412 | D:4      | Killed Pikel
  2413 | D:4      | Reached skill level 6 in Axes
  2413 | D:4      | Reached skill level 5 in Armour
  2413 | D:4      | Reached skill level 5 in Shields
  2413 | D:4      | Reached XP level 5. HP: 19/47 MP: 4/4
  2413 | D:4      | Reached XP level 6. HP: 23/55 MP: 5/5
  2413 | D:4      | Reached XP level 7. HP: 25/60 MP: 6/6
  2415 | D:4      | Reached skill level 7 in Axes
  2582 | D:4      | Noticed Sigmund
  2589 | D:4      | Killed Sigmund
  2590 | D:4      | Reached skill level 5 in Fighting
  3008 | D:5      | Entered Level 5 of the Dungeon
  3085 | D:5      | Found a shadowy altar of Dithmenos.
  3144 | D:5      | Reached skill level 8 in Axes
  3309 | D:5      | Reached XP level 8. HP: 63/68 MP: 7/7
  3567 | D:5      | Found a snail-covered altar of Cheibriados.
  4336 | D:6      | Reached skill level 9 in Axes
  4740 | D:6      | Found Tugiunept's Jewellery Boutique.
  4791 | D:6      | Found a stormy altar of Qazlal.
  4791 | D:6      | Found a white marble altar of Elyvilon.
  5282 | D:7      | Reached XP level 9. HP: 70/75 MP: 8/8
  5405 | D:7      | Found a glowing golden altar of the Shining One.
  5652 | D:7      | Reached skill level 10 in Axes
  5930 | D:7      | Found an opulent altar of Gozag.
  5938 | D:7      | Reached skill level 1 in Stealth
  6369 | D:8      | Found Gasor's Armour Emporium.
  6406 | D:8      | Noticed a two-headed ogre
  6421 | D:8      | Killed a two-headed ogre
  6579 | D:8      | Reached skill level 11 in Axes
  6667 | D:8      | Found a flagged portal.
  6669 | D:8      | Reached XP level 10. HP: 26/84 MP: 9/9
  6686 | Bailey   | Entered a bailey
  7132 | Bailey   | Identified the +0 robe of Levity {rF++ Will+++ Int-5}
  7133 | Bailey   | Identified the +12 crystal plate armour of Lesser Demons
                  | {+Inv SInv}
  7146 | Bailey   | Identified the +5 pair of boots of the Earth {Str+5}
  7393 | D:8      | Found a burning altar of Makhleb.
  7544 | D:9      | Noticed Prince Ribbit
  7558 | D:9      | Killed Prince Ribbit
  7577 | D:9      | Reached skill level 12 in Axes
  7683 | D:9      | Noticed Harold
  7699 | D:9      | Killed Harold
  7700 | D:9      | Reached skill level 13 in Axes
  7804 | D:9      | Noticed a two-headed ogre
  7811 | D:9      | Killed a two-headed ogre
  7835 | D:9      | Found an iron altar of Okawaru.
  7889 | D:9      | Became a worshipper of Warmaster Okawaru
  7969 | D:9      | Reached XP level 11. HP: 94/94 MP: 10/10
  8161 | D:9      | Reached skill level 14 in Axes
  8161 | D:9      | Reached skill level 10 in Armour
  8161 | D:9      | Reached XP level 12. HP: 106/106 MP: 11/11
  8187 | D:9      | Noticed Maggie
  8201 | D:9      | Killed Maggie
  8317 | D:10     | Entered Level 10 of the Dungeon
  8317 | D:10     | Found a large runed translucent door.
  8317 | D:10     | Found a large runed translucent door.
  8336 | D:10     | Found Vedetrat's Assorted Antiques.
  8336 | D:10     | Noticed a centaur warrior
  8348 | D:10     | Killed a centaur warrior
  8348 | D:10     | Reached * piety under Okawaru
  8518 | D:10     | Reached skill level 10 in Fighting
  8528 | D:10     | Found Fiobur's Antique Weapon Shop.
  8534 | D:10     | Found Zataeq's Distillery.
  8648 | D:10     | Reached ** piety under Okawaru
  8649 | D:10     | Reached skill level 15 in Axes
  8740 | D:10     | Found a basalt altar of Yredelemnul.
  8841 | D:10     | Reached *** piety under Okawaru
  9142 | D:10     | Found a staircase to the Orcish Mines.
  9286 | D:10     | Found a staircase to the Lair.
  9340 | D:10     | Found Zuasch's Jewellery Emporium.
  9347 | D:10     | Bought the ring of Manoalaw {Will++ rCorr} for 492 gold
                  | pieces
  9559 | D:10     | Paralysed by an air elemental for 1 turns
  9718 | D:11     | Reached skill level 16 in Axes
  9726 | D:11     | Reached **** piety under Okawaru
  9758 | D:11     | Noticed a tengu warrior
  9767 | D:11     | Killed a tengu warrior
  9880 | D:11     | Found Ihuc's Antique Armour Shop.
  9916 | D:11     | Noticed a two-headed ogre
  9942 | D:11     | Killed a two-headed ogre
  9943 | D:11     | Reached XP level 13. HP: 88/116 MP: 10/12
 10106 | D:11     | Reached ***** piety under Okawaru
 10126 | D:11     | Identified the staff of death "Dyczavia" {+Blink Fly rN+
                  | Dex+9 Stlth-}
 10821 | D:12     | Found Denum's General Store.
 10834 | D:12     | Identified the +6 morningstar of Extremism {flame, Fly
                  | rPois rN+}
 10854 | D:12     | Found an ornate altar of the Wu Jian Council.
 10933 | D:12     | Reached skill level 17 in Axes
 11923 | D:13     | Found the +4 skin of Zhor {*Englaciate rC+++ SInv}
 11991 | D:13     | Found a gate leading to a gauntlet.
 12019 | Gauntlet | Entered a Gauntlet
 12019 | Gauntlet | Found a transporter.
 12019 | Gauntlet | Found a transporter.
 12019 | Gauntlet | Found a transporter.
 12020 | Gauntlet | Found a transporter.
 12023 | Gauntlet | Found a transporter.
 12024 | Gauntlet | Found a transporter.
 12033 | Gauntlet | Found a transporter.
 12037 | Gauntlet | Found a transporter.
 12037 | Gauntlet | Found a transporter.
 12038 | Gauntlet | Found a transporter.
 12127 | Gauntlet | Identified the +7 plate armour of Boredom {Drain Str+2
                  | Int+8}
 12142 | Gauntlet | Received a gift from Okawaru
 12165 | Gauntlet | Noticed a quicksilver ooze
 12183 | Gauntlet | Killed a quicksilver ooze
 12187 | Gauntlet | Found a transporter.
 12196 | Gauntlet | Identified the amulet "Quzau" {RegenMP rN+}
 12227 | Gauntlet | Identified the +3 chain mail "Zunlaoj" {rElec rC+}
 12227 | Gauntlet | Noticed a minotaur
 12236 | Gauntlet | Killed a minotaur
 12251 | Gauntlet | Identified the +7 dagger of the Poles {pain, Fragile rPois
                  | Str+4}
 12659 | D:13     | Received a gift from Okawaru
 12660 | D:13     | Reached skill level 18 in Axes
 12731 | D:13     | Reached skill level 1 in Invocations
 12744 | D:13     | Reached XP level 14. HP: 99/127 MP: 13/13
 13470 | D:14     | Found a gate to the Vaults.
 13635 | D:14     | Gained mutation: You are agile. (Dex +4, Str/Int -1)
                  | [potion of mutation]
 13635 | D:14     | Gained mutation: You have very sharp teeth. [potion of
                  | mutation]
 13635 | D:14     | Gained mutation: You are weak. (Str -2) [potion of
                  | mutation]
 13635 | D:14     | Gained mutation: You expend magic power (3 MP) to
                  | strengthen your wands. [potion of mutation]
 13639 | D:14     | Lost mutation: You are agile. (Dex +4, Str/Int -1) [potion
                  | of mutation]
 13639 | D:14     | Lost mutation: You have very sharp teeth. [potion of
                  | mutation]
 13639 | D:14     | Lost mutation: You expend magic power (3 MP) to strengthen
                  | your wands. [potion of mutation]
 13639 | D:14     | Gained mutation: You are clumsy. (Dex -2) [potion of
                  | mutation]
 13639 | D:14     | Gained mutation: You have sharp fingernails. [potion of
                  | mutation]
 13942 | D:14     | Noticed Jorgrun
 13951 | D:14     | Killed Jorgrun
 14131 | D:14     | Noticed Louise
 14140 | D:14     | Killed Louise
 14161 | D:14     | Found a white marble altar of Elyvilon.
 14331 | D:15     | Entered Level 15 of the Dungeon
 14521 | D:15     | Reached ****** piety under Okawaru
 14628 | D:15     | Noticed Nessos
 14632 | D:15     | Killed Nessos
 14749 | D:15     | Received a gift from Okawaru
 14762 | D:15     | Reached skill level 15 in Shields
 14955 | D:15     | Noticed a broodmother
 14955 | D:15     | a broodmother changed into a wolf spider
 14962 | D:15     | Reached skill level 19 in Axes
 14984 | D:15     | Found a staircase to the Depths.
 15244 | Lair:1   | Entered Level 1 of the Lair of Beasts
 15350 | Lair:1   | Noticed Gastronok
 15354 | Lair:1   | Killed Gastronok
 15355 | Lair:1   | Reached XP level 15. HP: 127/139 MP: 15/15
 15389 | Lair:1   | Found a transporter.
 15406 | Lair:1   | Found a transporter.
 15407 | Lair:1   | Noticed monsoonserge's ghost (novice DsMo)
 16767 | Lair:2   | Found a staircase to the Snake Pit.
 17214 | Lair:2   | Found a staircase to the Swamp.
 17471 | Lair:3   | Received a gift from Okawaru
 18310 | Lair:4   | Reached skill level 15 in Fighting
 18310 | Lair:4   | Reached skill level 15 in Armour
 18510 | Lair:4   | Noticed Snorg
 18527 | Lair:4   | Killed Snorg
 18718 | Lair:4   | Found a staircase to the Slime Pits.
 19151 | Lair:5   | Entered Level 5 of the Lair of Beasts
 19256 | Lair:5   | Received a gift from Okawaru
 20199 | Lair:5   | Reached skill level 20 in Axes
 20568 | Orc:1    | Entered Level 1 of the Orcish Mines
 20676 | Orc:1    | Found a dark tunnel.
 20686 | Volcano  | Entered a volcano
 20806 | Volcano  | Reached XP level 16. HP: 151/151 MP: 16/16
 21220 | Orc:2    | Entered Level 2 of the Orcish Mines
 21227 | Orc:2    | Found a staircase to the Elven Halls.
 21333 | Orc:2    | Noticed Saint Roka
 21354 | Orc:2    | Killed Saint Roka
 21559 | Orc:2    | Found a runed translucent door.
 21559 | Orc:2    | Noticed Esekla's ghost (journeyman DENe)
 21566 | Orc:2    | Killed Esekla's ghost
 21816 | Orc:2    | Found Veum's Armour Boutique.
 21816 | Orc:2    | Found Tat Gowa's Book Shoppe.
 21819 | Orc:2    | Found Beplaiko's Armour Boutique.
 21819 | Orc:2    | Found Ustri's Armour Shoppe.
 21822 | Orc:2    | Received a gift from Okawaru
 21977 | Elf:1    | Entered Level 1 of the Elven Halls
 22018 | Elf:1    | Paralysed by an air elemental for 1 turns
 22046 | Elf:1    | Paralysed by an air elemental for 1 turns
 22493 | Elf:1    | Noticed Agnes
 22506 | Elf:1    | Killed Agnes
 22527 | Elf:1    | Killed from afar by a deep elf zephyrmancer

Illustrated notes

Levels and vault maps discovered:
D:1:      dpeg_arrival_tiny_i, layout_basic, grunt_decor_fettered,
          hangedman_decor_growths
D:2:      layout_basic, grunt_ministairs_10, nicolae_elevator_lobby_asterisk
D:3:      layout_loops_corners, serial_shops, shop, uniq_robin
D:4:      layout_cave_pools, minmay_temple_entry_from_below_b,
          hangedman_decor_points, patterned_corridor, uniq_pikel, uniq_sigmund
D:5:      layout_basic, mainiacjoe_overflow_six_doors_small,
          mainiacjoe_overflow_concentric_impassable,
          chequers_serial_rivers_small_3, chequers_hall_statues_y
D:6:      layout_basic, gammafunk_temple_overflow_elements, serial_shops,
          nicolae_shop_waterfront, ldierk_geyser
D:7:      layout_loops_corners, mainiacjoe_overflow_cross_hatched,
          mainiacjoe_overflow_paths, lightli_orcish_oven
D:8:      layout_rooms, bloody_makhleb, enter_bailey_5, serial_shops, shop
D:9:      layout_roguey, okawaru_trees_1, grunt_ministairs_11,
          chequers_mini_garden, uniq_prince_ribbit1, uniq_harold, uniq_maggie
D:10:     layout_loops_corners, nicolae_yredelemnul_corpse_copse,
          lair_entry_dummy, david_orc_4, serial_shops,
          nicolae_shop_tiny_real_fake_doors, nicolae_shop_overgrown_old_shop,
          shop, shop, lightli_elemental_guards
D:11:     minmay_clustersquares, layout_rooms, serial_shops, shop,
          nrook_pool_corridor, hangedman_abyss_or_decor_slice
D:12:     layout_stronghold, serial_shops, nicolae_shop_rolling_square,
          nicolae_wu_jian_wuxing_cycle
D:13:     layout_basic, gauntlet_entry_generic
D:14:     layout_roguey, grunt_vaults_entry_tiered, grunt_decor_mini_mirrors,
          elyvilon_altar_3, uniq_jorgrun, uniq_louise
D:15:     gammafunk_enter_depths_forms, layout_loops_ring,
          corexii_leaking_fountain, uniq_nessos
Lair:1:   layout_misc_corridors, gammafunk_ghost_hive,
          grunt_forest_large_clearing_hut, uniq_gastronok
Lair:2:   layout_chaotic_city, palyth_hydra_swamp_entry,
          minmay_snake_entry_six_corridors, serial_bayou_lake_a
Lair:3:   layout_cave_shapes
Lair:4:   layout_small_grid, nicolae_slime_entry_field_trip,
          grunt_forest_large_clearings, uniq_snorg
Lair:5:   evilmike_catoblepas_cave, layout_cave_pods
Orc:1:    nicolae_orc_accident_2, layout_diamond_mine,
          nicolae_volcano_entry_batcave
Orc:2:    grunt_orc_tribal_feast, layout_caves, gammafunk_ghost_grave,
          uniq_saint_roka
Elf:1:    minmay_elf_arrival_plus, layout_loops_ring, minivault_28,
          uniq_roxanne, uniq_agnes

Skill      XL: |  1  2  3  4  5  6  7  8  9 10 11 12 13 14 15 16 |
---------------+-------------------------------------------------+-----
Fighting       | 4 5 6 8 9 11 12 14 15 16 | 16.6
Shields        | 4 5 6 8 9 11 12 13 15 16 17 | 17.7
Axes           | 3 6 8 9 11 13 14 16 18 19 20 | 20.7
Armour         | 4 5 7 8 9 10 11 13 14 15 16 | 16.2
Dodging        | 1 2 3 4 |  4.6
Stealth        | 1 2 3 4 |  4.4
Invocations    | 1 2 |  2.4

Action                     |  1- 3 |  4- 6 |  7- 9 | 10-12 | 13-15 | 16-18 || total
---------------------------+-------+-------+-------+-------+-------+-------++-------
  Melee: War axe           |    82 |    58 |   259 |   361 |     3 |       ||   763
         Headbutt          |    13 |     6 |    38 |    70 |   187 |    55 ||   369
         Broad axe         |       |       |       |       |   845 |   189 ||  1034
 Invoke: Heroism           |       |       |       |     2 |     8 |     6 ||    16
  Evoke: Wand              |       |       |       |     1 |       |       ||     1
    Use: Scroll            |     5 |     5 |     8 |     3 |    14 |       ||    35
         Potion            |       |     1 |     2 |     1 |     6 |       ||    10
   Stab: Paralysed         |       |       |       |     3 |       |       ||     3
         Distracted        |       |       |       |       |    15 |     2 ||    17
         Petrified         |       |       |       |       |     2 |       ||     2
 Armour: Scale mail        |    56 |    39 |   100 |    15 |       |       ||   210
         Crystal plate arm |       |       |       |   213 |   455 |    73 ||   741
  Dodge: Dodged            |    47 |    41 |   137 |   118 |   190 |    31 ||   564
  Block: Buckler           |    22 |    24 |     6 |       |       |       ||    52
         Kite shield       |       |       |   171 |   202 |   411 |    83 ||   867
         Reflection        |       |       |       |     1 |    19 |    12 ||    32
